 Dungeon Crawl Stone Soup version 0.31-a0-233-g139696dc86 (webtiles) character file.

Game seed: 1495648003288168705

105 qw the Shooter (level 4, -3/26 HPs)
             Began as a Gargoyle Hexslinger on July 9, 2023.
             Slain by a water moccasin (6 damage)
             ... on level 4 of the Dungeon.
             The game lasted 00:00:54 (1894 turns).

qw the Shooter (Gargoyle Hexslinger)                Turns: 1894, Time: 00:00:54

Health: -3/26      AC: 12    Str: 12    XL:     4   Next: 81%
Magic:  5/5        EV: 11    Int: 13    God:
Gold:   188        SH:  0    Dex: 20    Spells: 4/5 levels left

rFire   . . .        Y - +1 sling
rCold   . . .        (no shield)
rNeg    + . .        e - +0 ring mail
rPois   inf          g - +1 helmet
rElec   +            (no cloak)
rCorr   .            f - +1 pair of gloves
SInv    .            (no boots)
Will    .....        (no amulet)
Stlth   +            i - +6 ring of dexterity
HPRegen 0.24/turn    (no ring)
MPRegen 0.09/turn

%: no passive effects
@: no status effects
A: sickness immunity, AC +3, negative energy resistance 1, electricity
resistance, torment resistance 1, petrification resistance
a: no special abilities


You were on level 4 of the Dungeon.
You visited 1 branch of the dungeon, and saw 4 of its levels.

You collected 188 gold pieces.


Innate Abilities, Weirdness & Mutations

You are immune to sickness and miasma.
Your stone body is resilient. (AC +3)
You are immune to poison.
You resist negative energy. (rN+)
You are resistant to electric shocks. (rElec)
You are resistant to unholy torment.
You are immune to petrification.


   Skills:
 - Level 2.0 Fighting
 + Level 4.3 Ranged Weapons
 - Level 1.0 Armour
 - Level 1.5 Dodging
 - Level 1.0 Spellcasting
 - Level 2.6 Hexes


You had 4 spell levels left.
You knew the following spells:

 Your Spells              Type           Power      Damage    Failure   Level
a - Slow                  Hex            28%        N/A       22%         1

Your spell library contained the following spells:

 Spells                   Type           Power      Damage    Failure   Level
 Inner Flame              Hex/Fire       4%         N/A       73%         3
 Portal Projectile        Hex/Tloc       8%         N/A       73%         3
 Cause Fear               Hex            3%         N/A       91%         4

Inventory:

Hand Weapons
 Y - a +1 sling (weapon)
Armour
 e - a +0 ring mail (worn)
 f - a +1 pair of gloves (worn)
 g - a +1 helmet (worn)
 h - a +0 cloak
Jewellery
 i - a +6 ring of dexterity (left hand)
Scrolls
 a - 4 scrolls of identify
 c - 2 scrolls of teleportation
 k - a scroll of fear {unknown}
Potions
 b - a potion of heal wounds
 d - a potion of enlightenment
 j - 2 potions of curing
 l - a potion of ambrosia {unknown}

Dungeon Overview and Level Annotations

Branches:
Dungeon (4/15)
 Temple: D:4-7

Altars:
Cheibriados


Message History

The sling bullet barely misses the water moccasin.
The water moccasin closely misses you. x2
You shoot a sling bullet.
The sling bullet barely misses the water moccasin.
The water moccasin bites you but does no damage.
The water moccasin bites you.
You shoot a sling bullet.
The sling bullet misses the water moccasin.
The water moccasin closely misses you.
The water moccasin bites you but does no damage.
You shoot a sling bullet.
The sling bullet misses the water moccasin.
The water moccasin bites you. x2
You shoot a sling bullet.
The sling bullet barely misses the water moccasin.
The water moccasin closely misses you.
The water moccasin bites you but does no damage.
You shoot a sling bullet.
The sling bullet hits the water moccasin.
The water moccasin is moderately wounded.
The water moccasin bites you.
You shoot a sling bullet.
The sling bullet hits the water moccasin.
The water moccasin is moderately wounded.
The water moccasin bites you. x2
You shoot a sling bullet.
The sling bullet barely misses the water moccasin.
The water moccasin closely misses you.
The water moccasin bites you but does no damage.
You shoot a sling bullet.
The sling bullet misses the water moccasin.
The water moccasin misses you. The water moccasin barely misses you.
You shoot a sling bullet.
The sling bullet hits the water moccasin.
The water moccasin is heavily wounded.
The water moccasin bites you but does no damage.
You shoot a sling bullet.
The sling bullet barely misses the water moccasin.
The water moccasin bites you! The water moccasin bites you.
You die...

............#..#...
.##..##'#####..#.(.
#####..##....##..####
#................
#................
#................
##..##.##########
######..##.###..
#.......@S......
#........#......
######.###..#### ###
####


You could see a water moccasin.

Vanquished Creatures
  4 adders
  2 worms
  2 dart slugs (D:1)
  4 orcs (D:3)
  6 ball pythons
  5 bats
  An endoplasm (D:1)
  5 giant cockroaches
  3 goblins
  6 hobgoblins
  2 jackals (D:3)
  3 kobolds
  A quokka (D:1)
  2 frilled lizards (D:3)
  6 rats
52 creatures vanquished.

Notes
Turn   | Place    | Note
-------+----------+-------------------------------------------
     0 | D:1      | qw the Gargoyle Hexslinger began the quest for the Orb.
     0 | D:1      | Reached XP level 1. HP: 12/12 MP: 2/2
     0 | D:1      | 0 ||| qw: Version: 0.3-a-51-g015441d
     0 | D:1      | 0 ||| qw: Game counter: 3806
     0 | D:1      | 0 ||| qw: Melee chars always use a shield: true
     0 | D:1      | 0 ||| qw: God list: Okawaru
     0 | D:1      | 0 ||| qw: Allow faded altars: false
     0 | D:1      | 0 ||| qw: Do Orc after clearing Dungeon:15 true
     0 | D:1      | 0 ||| qw: Do second Lair branch before Depths: true
     0 | D:1      | 0 ||| qw: Lair rune preference: random
     0 | D:1      | 0 ||| qw: Goals: Normal
     0 | D:1      | 0 ||| PLANNING D:1-11
     9 | D:1      | 9 ||| READING scroll labelled FIP YNIZANO.
    87 | D:1      | Reached XP level 2. HP: 16/16 MP: 3/3
   114 | D:1      | Reached skill level 3 in Ranged Weapons
   136 | D:1      | Found a faded altar of an unknown god.
   401 | D:1      | 401 ||| UPGRADING to +0 leather armour.
   411 | D:1      | 411 ||| DROPPING +0 robe.
   412 | D:1      | 412 ||| UPGRADING to +0 ring mail.
   422 | D:1      | 422 ||| DROPPING +0 leather armour.
   423 | D:1      | 423 ||| UPGRADING to +1 pair of gloves.
   428 | D:1      | 428 ||| UPGRADING to +6 ring of dexterity.
   429 | D:1      | 429 ||| READING scroll labelled CONUGA PUUD.
   432 | D:1      | 432 ||| READING 2 scrolls labelled SONOACK MARAECW.
   433 | D:1      | 433 ||| DROPPING scroll of poison.
   434 | D:1      | 434 ||| DROPPING scroll of fog.
   439 | D:2      | Found a snail-covered altar of Cheibriados.
   487 | D:2      | Reached XP level 3. HP: 21/21 MP: 4/4
   579 | D:2      | Reached skill level 1 in Armour
   939 | D:2      | 939 ||| UPGRADING to +1 helmet.
   944 | D:2      | 944 ||| READING scroll labelled HAWEZX SIGE.
   945 | D:2      | 945 ||| DRINKING 2 green potions.
   946 | D:2      | 946 ||| READING 6 scrolls of identify.
   946 | D:2      | 946 ||| IDENTIFYING fizzy dark potion
  1002 | D:3      | Reached XP level 4. HP: 18/26 MP: 5/5
  1221 | D:3      | Reached skill level 4 in Ranged Weapons
  1543 | D:3      | 1543 ||| READING scroll labelled QICKIGG NEWA.
  1544 | D:3      | 1544 ||| READING scroll labelled IMIMY HAULEICO.
  1645 | D:3      | 1645 ||| READING 5 scrolls of identify.
  1645 | D:3      | 1645 ||| IDENTIFYING blue potion
  1646 | D:3      | 1646 ||| READING 4 scrolls of identify.
  1646 | D:3      | 1646 ||| IDENTIFYING silvery potion
  1647 | D:3      | 1647 ||| DROPPING potion of magic.
  1877 | D:4      | Noticed a water moccasin
  1894 | D:4      | HP: 3/26 [water moccasin (8)]
  1894 | D:4      | Slain by a water moccasin

Levels and vault maps discovered:
D:1:      eino_arrival_cavern_d, layout_rooms, hellmonk_ecumenical_altar_run_dry
D:2:      layout_basic, basic_altar, chequers_serial_rivers_micro_c
D:3:      layout_basic
D:4:      corexii_shack_village, layout_gridville, grunt_ministairs_13,
          kennysheep_orc_chapel, uniq_ijyb

Skill      XL: |  1  2  3  4 |
---------------+-------------+-----
Ranged Weapons | 3 4 |  4.3
Fighting       | 2 |  2.0
Armour         | 1 |  1.0
Dodging        | |  1.5
Spellcasting   | |  1.0
Hexes          | |  2.6

Action                     |  1- 3 |  4- 6 || total
---------------------------+-------+-------++-------
   Fire: Sling             |   119 |    78 ||   197
    Use: Scroll            |     5 |     4 ||     9
         Potion            |     1 |       ||     1
 Armour: Robe              |     4 |       ||     4
         Ring mail         |    32 |    25 ||    57
  Dodge: Dodged            |    30 |    27 ||    57

Table legend:
 A = Non-vault XP
 B = Vault XP
 C = Vault XP percentage of total XP
 D = Non-vault monster count
 E = Vault monster count
 F = Vault count percentage of total count
                 A         B        C        D         E       F
            +---------+---------+-------+---------+---------+-------
      Total |     150 |       0 |   0.0 |      52 |       0 |   0.0
            +---------+---------+-------+---------+---------+-------
        D:1 |      29 |       0 |   0.0 |      13 |       0 |   0.0
        D:2 |      39 |       0 |   0.0 |      14 |       0 |   0.0
        D:3 |      66 |       0 |   0.0 |      22 |       0 |   0.0
        D:4 |      16 |       0 |   0.0 |       3 |       0 |   0.0
            +---------+---------+-------+---------+---------+-------
